 Dungeon Sprint DCSS version 0.28.0-53-g5a82cb258f (webtiles) character file.

Game seed: 10389792563056293457

258 Zeld the Covert (level 5, -4/30 HPs)
             Began as a Spriggan Brigand on June 2, 2022.
             Was a Follower of Sif Muna.
             Slain by a spriggan
             ... wielding a +0 rapier
              (12 damage)
             ... in the Dungeon (Sprint IV: "Fedhas' Mad Dash").
             The game lasted 00:01:17 (882 turns).

Zeld the Covert (Spriggan Brigand)                   Turns: 882, Time: 00:01:17

Health: -4/30      AC:  3    Str:  7    XL:     5   Next: 94%
Magic:  6/6        EV: 16    Int: 15    God:    Sif Muna [*.....]
Gold:   24         SH:  0    Dex: 16    Spells: 4/4 levels left

rFire   . . .      SeeInvis +   a - +2 dagger
rCold   . . .      Faith    .   (no shield)
rNeg    . . .      Spirit   .   b - +0 robe
rPois   .          Reflect  .   (helmet restricted)
rElec   .          Harm     .   c - +0 cloak
rCorr   .          Rampage  .   (gloves unavailable)
Will    .....      NoTele   +   (boots unavailable)
Stlth   +++++.....              l - amulet of invisibility {+Inv}
HPRegen 0.10/turn               (no ring)
MPRegen 0.10/turn               (no ring)

@: on berserk cooldown, slowed, quick
A: very small, no large weapons, unfitting armour, see invisible, speed 3
a: Renounce Religion, Evoke Invisibility, Channel Magic


You were in the Dungeon.
You worshipped Sif Muna.
Sif Muna was aware of your devotion.
You visited 1 branch You collected 24 gold pieces.

Inventory:

Hand Weapons
 a - a +2 dagger (weapon)
Missiles
 d - 7 poisoned darts
 e - a curare-tipped dart
Armour
 b - a +0 robe (worn)
 c - a +0 cloak (worn)
Jewellery
 l - the amulet of invisibility (around neck) {+Inv}
   (You found it in the Dungeon)

   [amulet of nothing]

   +Inv:      It lets you turn invisible.
Scrolls
 k - a scroll of blinking
 m - a scroll of fog {unknown}
Potions
 h - a potion of haste
 i - 2 potions of magic


   Skills:
 + Level 4.6 Fighting
 * Level 8.6 Short Blades
 - Level 6.0 Throwing
 - Level 1.3 Dodging
 + Level 10.6 Stealth


You had 4 spell levels left.
You didn't know any spells.
Your spell library was empty.

Dungeon Overview and Level Annotations

Branches:
Dungeon (1/1)

Altars:
Cheibriados
Dithmenos
Elyvilon
Gozag
Hepliaklqana
Kikubaaqudgha
Makhleb
Nemelex Xobeh
Okawaru
Qazlal
Ru
Sif Muna
Trog
Uskayaw
Vehumet
Wu Jian
Xom
Yredelemnul
Zin
The Shining One
Beogh
Jiyva
Lugonu


Innate Abilities, Weirdness & Mutations

You are very small and have problems with some larger weapons.
You are too small for most types of armour.
You have supernaturally acute eyesight. (SInv)
You cover ground extremely quickly. (Speed+++)


Message History

The scorpion stings you!
You puncture the scorpion!
You kill the scorpion!
Sif Muna accepts your kill.
You are no longer berserk.
You are exhausted.
You feel yourself slow down.
Your Short Blades skill increases to level 8!
You feel better. The spriggan misses you. The spriggan closely misses you.
You feel much better. The spriggan closely misses you.
You hit the spriggan.
The spriggan is moderately wounded.
The spriggan barely misses you.
You hit the spriggan.
The spriggan is heavily wounded.
The spriggan hits you with a +0 rapier.
You hit the spriggan but do no damage.
The spriggan is heavily wounded.
The spriggan barely misses you.
You miss the spriggan.
The spriggan is heavily wounded.
You barely miss the spriggan.
The spriggan is heavily wounded.
The spriggan hits you with a +0 rapier.
You hit the spriggan but do no damage.
The spriggan is heavily wounded.
The spriggan hits you with a +0 rapier!
Ouch! That really hurt!
* * * LOW HITPOINT WARNING * * *
You hit the spriggan.
The spriggan is severely wounded.
The spriggan hits you with a +0 rapier.
* * * LOW HITPOINT WARNING * * *
You miss the spriggan.
The spriggan is severely wounded.
The spriggan closely misses you.
You hit the spriggan.
The spriggan is almost dead.
The spriggan hits you with a +0 rapier!
You die...

######################
#.⌠._._._._.⌠.#..i$..#
'.._._._._._..'.@#$.$#
#..._._._._...#..###+#
#.._._._._._..#.)#
#._._._._._.⌠.####
###############


You could see a spriggan.

Vanquished Creatures
  2 scorpions (D)
  3 oklob saplings (D)
  A spriggan (D)
  A river rat (D)
  A rat (D)
8 creatures vanquished.

Vanquished Creatures (others)
  A fungus (D)
1 creature vanquished.

Grand Total: 9 creatures vanquished

Notes
Turn   | Place    | Note
-------+----------+-------------------------------------------
     0 | D        | Zeld the Spriggan Brigand began the quest for the Orb.
     0 | D        | Reached XP level 1. HP: 10/10 MP: 2/2
    10 | D        | Reached skill level 6 in Stealth
    10 | D        | Reached XP level 2. HP: 15/15 MP: 3/3
   118 | D        | Noticed an oklob sapling
   343 | D        | Killed an oklob sapling
   344 | D        | Reached skill level 7 in Stealth
   344 | D        | Reached XP level 3. HP: 19/19 MP: 4/4
   649 | D        | Noticed a scorpion
   649 | D        | Found the amulet of invisibility {+Inv}
   651 | D        | Killed a scorpion
   652 | D        | Reached skill level 5 in Short Blades
   652 | D        | Reached skill level 5 in Throwing
   652 | D        | Reached skill level 8 in Stealth
   652 | D        | Reached XP level 4. HP: 24/24 MP: 5/5
   777 | D        | Found an opulent altar of Gozag.
   777 | D        | Found a hazy altar of Hepliaklqana.
   777 | D        | Found a burning altar of Makhleb.
   777 | D        | Found a sparkling altar of Nemelex Xobeh.
   777 | D        | Found a snail-covered altar of Cheibriados.
   777 | D        | Found a sacrificial altar of Ru.
   777 | D        | Found a shimmering blue altar of Sif Muna.
   777 | D        | Found a shimmering altar of Xom.
   777 | D        | Found a basalt altar of Yredelemnul.
   778 | D        | Found a viscous altar of Jiyva.
   778 | D        | Found a bloodstained altar of Trog.
   778 | D        | Found an ornate altar of the Wu Jian Council.
   779 | D        | Found an iron altar of Okawaru.
   779 | D        | Found a shadowy altar of Dithmenos.
   779 | D        | Found a glowing silver altar of Zin.
   780 | D        | Found a hide-covered altar of Uskayaw.
   780 | D        | Found an ancient bone altar of Kikubaaqudgha.
   781 | D        | Found a stormy altar of Qazlal.
   781 | D        | Found a glowing golden altar of the Shining One.
   781 | D        | Found a white marble altar of Elyvilon.
   782 | D        | Found a radiant altar of Vehumet.
   782 | D        | Found a corrupted altar of Lugonu.
   784 | D        | Became a worshipper of Sif Muna the Loreminder
   787 | D        | Reached skill level 9 in Stealth
   787 | D        | Reached XP level 5. HP: 29/29 MP: 3/6
   861 | D        | Reached * piety under Sif Muna
   862 | D        | Reached skill level 10 in Stealth
   882 | D        | Slain by a spriggan

Illustrated notes

Levels and vault maps discovered:
D:        dungeon_sprint_fedhas [sprint_temple]

Skill      XL: |  1  2  3  4  5 |
---------------+----------------+-----
Fighting       | 2 3 4 |  4.6
Short Blades   | 3 4 5 6 8 |  8.6
Throwing       | 3 4 5 6 |  6.0
Stealth        | 6 7 8 9 10 | 10.6
Dodging        | |  1.3

Action                   |  1- 3 |  4- 6 || total
-------------------------+-------+-------++-------
Melee: Dagger            |     6 |    24 ||    30
Throw: Dart              |    10 |       ||    10
 Abil: Evoke Invisibilit |       |     2 ||     2
  Use: Potion            |       |     3 ||     3
 Stab: Sleeping          |     3 |     2 ||     5
Dodge: Dodged            |       |    15 ||    15
